 Dungeon Crawl Stone Soup version 0.27-a0-1139-g28e009f8a6 (webtiles) character file.

Game seed: 16969332311217136373

20 DasRunzen the Grave Robber (level 2, -2/19 HPs)
             Began as an Octopode Wanderer on May 7, 2021.
             Slain by a hound (5 damage)
             ... on level 2 of the Dungeon.
             The game lasted 00:02:50 (1669 turns).

DasRunzen the Grave Robber (Octopode Wanderer)      Turns: 1669, Time: 00:02:51

Health: -2/19      AC:  1    Str: 11    XL:     2   Next: 79%
Magic:  3/5        EV: 11    Int: 15    God:
Gold:   42         SH:  3    Dex: 10    Spells: 4/5 levels left

rFire    . . .     SeeInvis .   a - +0 club
rCold    . . .     Faith    .   c - +0 buckler
rNeg     . . .     Spirit   .   (helmet restricted)
rPois    .         Reflect  .   (no amulet)
rElec    .         Harm     .   (no ring)
rCorr    .         Rampage  .   (no ring)
Will     .....                  (no ring)
Stlth    ++........             (no ring)
HPRegen  0.06/turn              (no ring)
MPRegen  0.09/turn              (no ring)
                                (no ring)
                                (no ring)

@: no status effects
A: almost no armour, amphibious, 8 rings, camouflage 1, gelatinous body 1,
(nimble swimmer 1), tentacles
a: no special abilities


You were on level 2 of the Dungeon.
You visited 1 branch of the dungeon, and saw 2 of its levels.

You collected 42 gold pieces.

Inventory:

Hand Weapons
 a - a +0 club (weapon)
Armour
 c - a +0 buckler (worn)
 f - a +2 kite shield
Potions
 b - a potion of invisibility {unknown}


   Skills:
 + Level 2.2 Fighting
 - Level 1.0(1.1) Axes
 + Level 0.8(1.1) Maces & Flails
 + Level 0.0 Dodging
 - Level 1.3 Stealth
 + Level 1.3 Shields
 + Level 2.1 Spellcasting
 + Level 3.2 Necromancy
 + Level 0.7 Poison Magic


You had 4 spell levels left.
You knew the following spells:

 Your Spells              Type           Power      Damage    Failure   Level
a - Sting                 Tmut/Pois      8%         1d3       26%         1

Your spell library contained the following spells:

 Spells                   Type           Power      Damage    Failure   Level
 Magic Dart               Conj           4%         1d3       30%         1
 Blink                    Tloc           N/A        N/A       43%         2
 Call Imp                 Summ           1%         N/A       43%         2
 Slow                     Hex            1%         N/A       43%         2
 Spider Form              Tmut/Pois      1%         N/A       61%         3
 Mephitic Cloud           Conj/Pois/Air  2%         N/A       63%         3
 Conjure Flame            Conj/Fire      1%         6-21      67%         3


Dungeon Overview and Level Annotations

Branches:
Dungeon (2/15)

Altars:


Innate Abilities, Weirdness & Mutations

You cannot wear most types of armour.
You are amphibious.
You can wear up to eight rings at the same time.
Your skin changes colour to match your surroundings (Stealth+).
Your rubbery body absorbs attacks. (AC +1, EV +1)
((You are camouflaged near water. (Stealth+)))
You have tentacles for arms and can constrict up to eight enemies at once.


Message History

You hit the frilled lizard.
You kill the frilled lizard!
Your magical contamination has completely faded away.
Magic restored.
A hound comes into view.
Found a scroll labelled FUEFA YNUXIWE.
Casting: Sting (safe; 26% risk of failure)
Confirm with . or Enter, or press ? or * to list all spells.
You can't see any susceptible monsters within range! (Use Z to cast anyway.) Unknown command.
Casting: Sting (safe; 26% risk of failure)
Confirm with . or Enter, or press ? or * to list all spells.
You can't see any susceptible monsters within range! (Use Z to cast anyway.) Unknown command.
Casting: Sting (safe; 26% risk of failure)
Confirm with . or Enter, or press ? or * to list all spells.
Aiming: Sting (safe; 26% risk of failure)
Press: ? - help, Shift-Dir - straight line, f - hound
Aim: a hound (wandering, hasn't noticed you, 51% to hit)
The sting hits the hound but does no damage.
The hound is poisoned.
Casting: Sting (safe; 26% risk of failure)
Confirm with . or Enter, or press ? or * to list all spells.
Aiming: Sting (safe; 26% risk of failure)
Press: ? - help, Shift-Dir - straight line, f/p - hound
Aim: a hound (poisoned, 51% to hit)
The sting hits the hound.
The hound looks even sicker.
The hound is lightly wounded.
The hound bites you.
You barely miss the hound. Your grab misses the hound.
The hound is lightly wounded.
The hound bites you. x2
You hit the hound. You grab the hound.
The hound is heavily wounded.
You constrict the hound. The hound bites you.
* * * LOW HITPOINT WARNING * * *
You hit the hound. You squeeze the hound.
The hound is severely wounded.
You constrict the hound. The hound barely misses you. The hound bites you.
You die...

#### ####### #... ......
########.## #...#
........... ######...#
########.#.
.........#### ##.#.
............########..#.
........................
......h@....########.##.
...##....#### #.# .
#....# #.# #..... #.#
#.##... ... ... .....
#.# .?.. #...#. #.# ####
......#


You could see a hound (very poisoned).

Vanquished Creatures
  2 endoplasms (D:1)
  A giant cockroach (D:1)
  A goblin (D:1)
  A hobgoblin (D:1)
  4 kobolds (D:1)
  3 quokkas (D:1)
  3 bats (D:1)
  A frilled lizard (D:2)
  2 rats (D:1)
18 creatures vanquished.

Notes
Turn   | Place    | Note
-------+----------+-------------------------------------------
     0 | D:1      | DasRunzen the Octopode Wanderer began the quest for the
                  | Orb.
     0 | D:1      | DasRunzen set off with the following items: a +0 club, a +0
                  | buckler; and the following spells available to memorise:
                  | Magic Dart, Sting, Blink, Call Imp, Slow, Conjure Flame,
                  | Mephitic Cloud, Spider Form
     0 | D:1      | Reached XP level 1. HP: 14/14 MP: 3/3
     2 | D:1      | Learned a level 1 spell: Sting
   557 | D:1      | Reached XP level 2. HP: 19/19 MP: 1/5
  1669 | D:2      | Slain by a hound

Illustrated notes

Levels and vault maps discovered:
D:1:      dpeg_arrival_court, layout_basic, serial_bayou, serial_bayou_shore_b,
          serial_bayou_shore_b, serial_bayou_pond_e, serial_bayou_pond_a,
          serial_bayou_pond_c
D:2:      layout_loops_ring, serial_shops, shop, ebering_ecumenical_altar_webs,
          basic_altar

Action                   || total
-------------------------++-------
Melee: Club              ||    43
       Constrict         ||    10
       Tentacles         ||     2
 Cast: Sting             ||    15
  Use: Scroll            ||     2
 Stab: Sleeping          ||     1
Armor: Skin              ||     8
Dodge: Dodged            ||    28
Block: Buckler           ||    10

Table legend: (Time is in decaauts)
 A = Elapsed time spent in this place.
 B = Non-inter-level travel time spent in this place.
 C = Inter-level travel time spent in this place.
 D = Time resting spent in this place.
 E = Time spent auto-exploring this place.
 F = Levels seen in this place.
 G = Mean time per level.
                   A        B        C        D        E       F      G
               +--------+--------+--------+--------+--------+-----+--------+
         Total |   1681 |   1668 |     13 |      0 |   1504 |   2 |  840.5 |
       Dungeon |   1681 |   1668 |     13 |      0 |   1504 |   2 |  840.5 |
               +--------+--------+--------+--------+--------+-----+--------+

Top non-repeatable levels by time:
     D:1: 1611 daAuts
     D:2: 70 daAuts
